 Dungeon Crawl Stone Soup version 0.32-a0-928-g1cae6b7ea0 (webtiles) character file.

Game seed: 18411500256120736581

135 kae the Changeling (level 4, 0/23 HPs)
             Began as a Demonspawn Shapeshifter on Apr 12, 2024.
             Slain by a black bear (3 damage)
             ... on level 4 of the Dungeon.
             The game lasted 00:02:28 (2897 turns).

kae the Changeling (Demonspawn Shapeshifter)        Turns: 2897, Time: 00:02:28

Health: 0/23       AC:  0    Str: 15    XL:     4   Next: 97%
Magic:  4/4        EV: 15    Int: 10    God:
Gold:   1179       SH:  0    Dex: 16    Spells: 3/3 levels left

rFire   . .          .
                       - Unarmed
rCold   . . .        (shield currently unavailable)
rNeg    . . .        a - melded +0 animal skin
rPois   +            (no helmet)
rElec   .            (no cloak)
rCorr   .            (no gloves)
SInv    .            (no boots)
Will    .....        A - amulet of the acrobat
Stlth   +            L - ring of flight
HPRegen 0.23/turn    P - ring of poison resistance
MPRegen 0.09/turn

%: acrobat
@: flux-form, flying, glowing
A: glow, contaminating, reduced hp, thin skeletal structure 1
a: Begin Untransformation


You were on level 4 of the Dungeon.
You were something dangerously unstable.
You visited 1 branch of the dungeon, and saw 4 of its levels.

You collected 1179 gold pieces.


Innate Abilities, Weirdness & Mutations

You are something dangerously unstable.
You glow with magical radiation, making you easy to see and hit.
Foes you strike become dangerously contaminated with magical radiation.
Your maximum health is decreased, since you lack skill for your form.
You are incapable of wielding weapons or throwing items.
You have a somewhat thin skeletal structure. (Dex +2, Stealth+)


   Skills:
 - Level 1.0 Fighting
 - Level 1.7 Dodging
 + Level 3.7 Unarmed Combat
 * Level 4.2 Shapeshifting


You had 3 spell levels left.
You didn't know any spells.
Your spell library contained the following spells:

 Spells                   Type           Power      Damage    Failure   Level
 Freeze                   Ice            0%         1d3       36%         1
 Frozen Ramparts          Ice            0%         1d1       75%         3
 Hailstorm                Conj/Ice       0%         3d5       75%         3
 Tukima's Dance           Hex            0%         N/A       75%         3
 Dimensional Bullseye     Hex/Tloc       0%         N/A       98%         4
 Iskenderun's Mystic Bla Conj/Tloc 0%             2d3        (+2d1     98%         4
 Haunt                    Necr/Summ      0%         N/A       100%        7
 Borgnjor's Revivificati  Necr           0%         N/A       100%        8
 Death's Door             Necr           0%         N/A       100%        9

Inventory:

Missiles
 e - 45 stones (quivered)
Armour
 a - a +0 animal skin (melded)
Magical Staves
 k - a staff of fire {!a}
   (You found it on level 2 of the Dungeon)
 n - a staff of air {!a}
   (You found it on level 4 of the Dungeon)
Jewellery
 A - an amulet of the acrobat (around neck)
   (You found it on level 2 of the Dungeon)
 C - a ring of ice
   (You found it on level 2 of the Dungeon)
 L - a ring of flight (left hand)
   (You found it on level 1 of the Dungeon)
 P - a ring of poison resistance (right hand)
   (You found it on level 3 of the Dungeon)
Talismans
 c - a beast talisman
 d - a flux talisman (active)
 l - a granite talisman
   (You acquired it on level 3 of the Dungeon)
 o - a maw talisman
   (You found it on level 4 of the Dungeon)
Scrolls
 b - 2 scrolls of brand weapon {unknown}
 g - a scroll of identify {@r1}
 h - a scroll of butterflies
 i - a scroll of torment {!r}
Potions
 f - a potion of invisibility
 j - a potion of curing {@q1}
 m - a potion of haste {@q3}
 p - a potion of mutation {unknown}

Dungeon Overview and Level Annotations

Branches:
Dungeon (4/15) Zot: 21113
 Temple: D:4-7

Altars:

Shops:
D:3

:** ######### #.#
........# #.# #.# #.#
#.# #.##### ####
###.###.#...#
....###.....#.#...###
......hp###.#....>..#
###.###.# #.........#
###
#.##.###.........#
..###..........)..###
#.#.##...........#
#.###.##.....#### #.#
#.##.†...# #.#
#.####.### #.# #.#
#.#


You could see a black bear (heavy contam, misshapen).


Message History

P - a ring of poison resistance (right hand) Unknown command.
Okay, then.
Found a stone staircase leading up.
There is a stone staircase leading up here.
b - a scroll labelled UPECER KAM ODOBB
b - 2 scrolls labelled UPECER KAM ODOBB (gained 1)
You pick up a book of Weapons and begin reading...
You add the spells Tukima's Dance, Dimensional Bullseye and Iskenderun's Mystic Blast to your library.
You now have 1159 gold pieces (gained 3).
A black bear comes into view.
Unknown command.
Unknown command.
A giant cockroach comes into view.
Found an escape hatch in the floor.
The helpless giant cockroach fails to defend itself.
You punch the giant cockroach!
You kill the giant cockroach!
No target in view!
No target in view!
No target in view!
No target in view!
A kobold comes into view. It is wielding a +0 short sword.
The kobold shouts!
The kobold throws a stone.
The stone completely misses you.
You see here a maw talisman.
o - a maw talisman The kobold completely misses you.
You hit the kobold.
You kill the kobold!
No target in view!
No target in view!
No target in view!
No target in view!
No target in view!
You now have 1179 gold pieces (gained 20).
e - 36 stones (gained 5)
You see here a +0 short sword.
e - 45 stones (gained 9)
p - a purple potion The black bear growls angrily.
Okay, then.
Unknown command.
Okay, then.
Okay, then.
Okay, then.
Attack: -) Nothing wielded
Press: ? - help, Dir - move target, f - you
Okay, then.
A black bear is nearby!
You begin transforming.
You continue transforming. x3
Your transformation has ended.
You turn into something dangerously unstable.
Your +0 animal skin melds into your body. 😎 HP[-9]
You now have 23 max hp (-9).
Unknown command.
You barely miss the black bear. The black bear bites you.
The black bear closely misses you. The black bear claws you. 😕 HP[-3]
You take 3 damage, and now have 20/23 hp.
You hit the black bear but do no damage.
The black bear begins to glow.
The black bear misses you. The black bear claws you.
The black bear barely misses you. 😕 HP[-2]
You take 2 damage, and now have 18/23 hp.
Unknown command.
You hit the black bear.
The black bear glows dangerously bright.
The black bear bites you. The black bear claws you.
The black bear barely misses you. 😮 HP[-5]
You take 5 damage, and now have 13/23 hp.
MASSIVE DAMAGE!! (PAUSE)
You hit the black bear but do no damage.
The black bear shudders as magic cascades through it.
The black bear twists and deforms.
The black bear misses you. The black bear claws you. x2
* * * LOW HITPOINT WARNING * * *
😨 HP[-3]
You take 3 damage, and now have 10/23 hp.
You barely miss the black bear. The black bear bites you.
* * * LOW HITPOINT WARNING * * *
The black bear barely misses you. The black bear misses you. 😨 HP[-4]
You take 4 damage, and now have 6/23 hp.
Unknown command.
You hit the black bear.
The black bear begins to glow.
The black bear misses you. The black bear closely misses you.
The black bear barely misses you.
You completely miss the black bear.
Unknown command.
You hit the black bear but do no damage.
The black bear glows dangerously bright.
The black bear bites you.
* * * LOW HITPOINT WARNING * * *
The black bear claws you.
* * * LOW HITPOINT WARNING * * *
The black bear claws you.
You die...

Skill      XL: |  1  2  3  4 |
---------------+-------------+-----
Shapeshifting  | 3 4 |  4.2
Unarmed Combat | 3 |  3.7
Fighting       | |  1.0
Dodging        | |  1.7

Action                     |  1- 3 |  4- 6 || total
---------------------------+-------+-------++-------
  Melee: Unarmed           |   115 |    83 ||   198
         Punch             |     3 |     1 ||     4
    Use: Scroll            |     5 |     4 ||     9
         Potion            |     1 |       ||     1
   Stab: Sleeping          |     6 |     3 ||     9
 Armour: Animal skin       |    47 |    39 ||    86
         Skin              |     4 |    33 ||    37
  Dodge: Dodged            |    69 |    59 ||   128
   Form: Flux              |       |     1 ||     1

Levels and vault maps discovered:
D:1:      dpeg_arrival_orchard, layout_loops_corners, minmay_liquid_box
D:2:      layout_loops_corners, hellmonk_ecumenical_altar_run_dry
D:3:      layout_basic, serial_shops, nicolae_square_shop, shop,
          nicolae_shop_advertising_works [nicolae_subvault_shop_adworks],
          hangedman_abyss_or_decor_lesser_grid, minmay_increasing_density
D:4:      layout_loops_ring

Notes
Turn   | Place    | Note
-------+----------+-------------------------------------------
     0 | D:1      | kae the Demonspawn Shapeshifter began the quest for the
                  | Orb.
     0 | D:1      | Reached XP level 1. HP: 15/15 MP: 1/1
     0 | D:1      | magus.rc [v1.11.3]
   204 | D:1      | Reached skill level 3 in Shapeshifting
   322 | D:1      | Gained mutation: You have a somewhat thin skeletal
                  | structure. (Dex +2, Stealth+) [demonic ancestry]
   322 | D:1      | Reached XP level 2. HP: 21/21 MP: 2/2
   376 | D:1      | You add the spells Haunt, Borgnjor's Revivification and
                  | Death's Door to your library.
   512 | D:1      | Reached skill level 3 in Unarmed Combat
  1120 | D:2      | Reached XP level 3. HP: 26/26 MP: 3/3
  1178 | D:2      | Found a faded altar of an unknown god.
  1353 | D:2      | You pick up a book of Frost and begin reading...
  1353 | D:2      | You add the spells Freeze, Frozen Ramparts and Hailstorm to
                  | your library.
  1665 | D:3      | Identified a scroll of acquirement
  1665 | D:3      | Acquired a granite talisman
  1907 | D:3      | Found Meliped's General Store.
  2006 | D:3      | Found Kusuts's Book Emporium.
  2019 | D:3      | Reached XP level 4. HP: 32/32 MP: 4/4
  2260 | D:3      | Reached skill level 4 in Shapeshifting
  2315 | D:3      | Found Gual's General Store.
  2744 | D:4      | Noticed an ogre
  2757 | D:4      | Acquired 965 gold pieces
  2831 | D:4      | You pick up a book of Weapons and begin reading...
  2831 | D:4      | You add the spells Tukima's Dance, Dimensional Bullseye and
                  | Iskenderun's Mystic Blast to your library.
  2849 | D:4      | Noticed a black bear
  2897 | D:4      | HP: 4/23 [black bear (3)]
  2897 | D:4      | Slain by a black bear

Vanquished Creatures
  An orc wizard (D:3)
  3 adders (D:3)
  2 dart slugs
  2 ribbon worms (D:3)
  6 orcs (D:3)
  4 endoplasms
  4 giant cockroaches
  10 goblins
  8 hobgoblins
  5 jackals (D:2)
  3 quokkas
  2 ball pythons
  4 bats
  A frilled lizard (D:2)
  5 kobolds
  5 rats
65 creatures vanquished.

Vanquished Creatures (others)
  A frilled lizard (D:3)
1 creature vanquished.

Grand Total: 66 creatures vanquished

Table legend:
 A = Non-vault XP
 B = Vault XP
 C = Vault XP percentage of total XP
 D = Non-vault monster count
 E = Vault monster count
 F = Vault count percentage of total count
                 A         B        C        D         E       F
            +---------+---------+-------+---------+---------+-------
      Total |     147 |      47 |  24.2 |      54 |      11 |  16.9
            +---------+---------+-------+---------+---------+-------
        D:1 |      30 |       0 |   0.0 |      16 |       0 |   0.0
        D:2 |      29 |       0 |   0.0 |      17 |       0 |   0.0
        D:3 |      85 |      47 |  35.6 |      19 |      11 |  36.7
        D:4 |       3 |       0 |   0.0 |       2 |       0 |   0.0
            +---------+---------+-------+---------+---------+-------

Skill      XL: |  1  2  3  4 |
---------------+-------------+-----
Shapeshifting  | 3 4 |  4.2
Unarmed Combat | 3 |  3.7
Fighting       | |  1.0
Dodging        | |  1.7

Action                     |  1- 3 |  4- 6 || total
---------------------------+-------+-------++-------
  Melee: Unarmed           |   115 |    83 ||   198
         Punch             |     3 |     1 ||     4
    Use: Scroll            |     5 |     4 ||     9
         Potion            |     1 |       ||     1
   Stab: Sleeping          |     6 |     3 ||     9
 Armour: Animal skin       |    47 |    39 ||    86
         Skin              |     4 |    33 ||    37
  Dodge: Dodged            |    69 |    59 ||   128
   Form: Flux              |       |     1 ||     1

Illustrated notes

Table legend:
 A = Kills in this place as a percentage of kills in the entire game.
 B = Kills by you in this place as a percentage of kills by you in the entire game.
 C = Kills by friends in this place as a percentage of kills by friends in the entire game.
 D = Other kills in this place as a percentage of other kills in the entire game.
 E = Experience gained in this place as a percentage of experience gained in the entire game.
 F = Experience gained in this place divided by the number of levels of this place that you have seen.
                   A       B       C       D       E      F
               +-------+-------+-------+-------+-------+----------------------
         Total | 100.0 | 100.0 |   N/A |   N/A | 100.0 |  48.5
       Dungeon | 100.0 | 100.0 |   N/A |   N/A | 100.0 |  48.5
               +-------+-------+-------+-------+-------+----------------------

Table legend: (Time is in decaauts)
 A = Elapsed time spent in this place.
 B = Non-inter-level travel time spent in this place.
 C = Inter-level travel time spent in this place.
 D = Time resting spent in this place.
 E = Time spent auto-exploring this place.
 F = Levels seen in this place.
 G = Mean time per level.
                   A        B        C        D        E       F      G
               +--------+--------+--------+--------+--------+-----+--------+
         Total |   2885 |   2821 |     64 |    142 |   2178 |   4 |  721.2 |
       Dungeon |   2885 |   2821 |     64 |    142 |   2178 |   4 |  721.2 |
               +--------+--------+--------+--------+--------+-----+--------+

Top non-repeatable levels by time:
     D:3: 952 daAuts
     D:2: 897 daAuts
     D:1: 831 daAuts
     D:4: 203 daAuts
